 Dungeon Crawl Stone Soup version 0.23.2-1-ga50397a (webtiles) character file.

Game seed: 3410135183440125919

3350 mopl the Grappler (level 9, -25/76 HPs)
             Began as a Minotaur Transmuter on May 11, 2019.
             Was an Initiate of Cheibriados.
             Annihilated by a shadow (33 damage)
             ... on level 11 of the Dungeon.
             The game lasted 00:12:05 (7673 turns).

mopl the Grappler (Minotaur Transmuter)             Turns: 7673, Time: 00:12:05

Health: -25/76     AC:  5    Str: 15    XL:     9   Next: 72%
Magic:  6/11       EV: 13    Int: 14    God:    Cheibriados [......]
Gold:   426        SH:  0    Dex: 13    Spells: 2/12 levels left

rFire    . . .     SeeInvis .     - Unarmed
rCold    + + +     Gourm    .   (shield currently unavailable)
rNeg     . . .     Faith    .   (armour currently unavailable)
rPois    +         Spirit   .   (helmet currently unavailable)
rElec    .         Reflect  .   (cloak currently unavailable)
rCorr    .         Harm     .   (gloves currently unavailable)
MR       .....                  (boots currently unavailable)
Stlth    +.........             (no amulet)
HPRegen  0.22/turn              g - ring of poison resistance
MPRegen  0.12/turn              E - ring of protection from fire

@: ice-form, very slow
A: large, (retaliatory headbutt)
a: End Transformation, Bend Time, Renounce Religion


You were on level 11 of the Dungeon.
You worshipped Cheibriados.
Cheibriados was noncommittal.
You were hungry.
You were a creature of crystalline ice.
You visited 2 branches of the dungeon, and saw 10 of its levels.

You collected 426 gold pieces.

Inventory:

Hand Weapons
 K - a +1 dagger of venom
 N - a +0 hunting sling
Missiles
 a - 141 arrows
 e - 131 stones (quivered)
 n - 8 javelins
 u - 10 tomahawks
 B - 26 poisoned needles
Armour
 b - a +0 robe (melded)
 j - a +0 plate armour
 p - a +0 pair of boots (melded)
 H - the +7 plate armour of Circular Logic {rPois Str-5 Int+3 SInv, unknown}
   (You found it on level 6 of the Dungeon)

   It affects your strength (-5).
   It affects your intelligence (+3).
   It protects you from poison.
   It lets you see invisible.
Jewellery
 g - a ring of poison resistance (left front paw)
 C - an uncursed ring of ice
 E - a ring of protection from fire (right front paw)
Wands
 t - a wand of random effects (24)
 J - a wand of acid (10)
Scrolls
 f - 2 scrolls of remove curse {unknown}
 h - 5 scrolls of identify {unknown}
 k - 2 scrolls of fog {unknown}
 m - a scroll of random uselessness {unknown}
 o - a scroll of fear {unknown}
 r - 2 scrolls of immolation {unknown}
 v - 3 scrolls of enchant armour {unknown}
 y - 3 scrolls of teleportation {unknown}
 I - a scroll of noise {unknown}
 L - a scroll of vulnerability {unknown}
Potions
 c - 4 potions of lignification {unknown}
 i - 3 potions of berserk rage {unknown}
 l - a potion of flight {unknown}
 q - 3 potions of degeneration {unknown}
 s - 2 potions of resistance {unknown}
 w - a potion of cancellation {unknown}
 x - 2 potions of brilliance {unknown}
 z - a potion of curing {unknown}
 A - 2 potions of might {unknown}
 D - a potion of agility {unknown}
 F - a potion of haste {unknown}
 G - a potion of heal wounds {unknown}
Comestibles
 d - 10 rations
 M - 10 chunks of flesh


   Skills:
 - Level 1.2 Fighting
 + Level 7.1 Dodging
 * Level 10.5 Unarmed Combat
 - Level 2.0 Spellcasting
 + Level 5.9 Transmutations
 - Level 2.0 Ice Magic
 - Level 1.0 Poison Magic
 + Level 1.6 Invocations


You had 2 spell levels left.
You knew the following spells:

 Your Spells              Type           Power        Failure   Level  Hunger
a - Beastly Appendage     Tmut           ###...       1%          1    ##.....
b - Spider Form           Tmut/Pois      ##........   17%         3    ####...
d - Ice Form              Ice/Tmut       ##......     43%         4    #####..
w - Sticks to Snakes      Tmut           ###.....     3%          2    ###....

Your spell library contained the following spells:

 Spells                   Type           Power        Failure   Level  Hunger
 Blade Hands              Tmut           ###.......   50%         5    ######.


Dungeon Overview and Level Annotations

Branches:
Dungeon (8/15)             Temple (1/1) D:7            Lair (0/6) D:8

Altars:
Ashenzari
Cheibriados
Dithmenos
Elyvilon
Fedhas
Gozag
Hepliaklqana
Kikubaaqudgha
Makhleb
Nemelex Xobeh
Okawaru
Qazlal
Ru
Sif Muna
Trog
Uskayaw
Vehumet
Wu Jian
Xom
Yredelemnul
Zin
The Shining One


Innate Abilities, Weirdness & Mutations

((You reflexively headbutt those who attack you in melee.))
((You have a pair of horns on your head.))


Message History

The shadow slips into darkness.
The shadow flickers and vanishes!
Deactivating autopickup; reactivate with Ctrl-A.
You hit the scorpion but do no damage.
The scorpion is severely wounded.
The scorpion stings you.
* * * LOW HITPOINT WARNING * * *
You hit the scorpion. You freeze the scorpion.
You kill the scorpion!
Cheibriados appreciates the change of pace.
The shadow strikes at you from the darkness!
Reactivating autopickup.
You punch the shadow!
The shadow is almost destroyed.
The shadow slips into darkness.
The shadow flickers and vanishes!
Deactivating autopickup; reactivate with Ctrl-A.
You barely miss something.
The shadow strikes at you from the darkness!
You die...

###
#..
#.#
#.#
#.#
#.#
#{#
#Y#
#.#
#.#
#.#
#.#
#.#
#.#
#..


There were no monsters in sight!

Vanquished Creatures
  A hippogriff (D:7)
  A wyvern (D:8)
  Duvessa (D:5)
  2 ice beasts (D:7)
  2 sky beasts
  2 ogres
  A necrophage (D:7)
  3 centaurs
  2 bullfrogs
  Dowan (D:5)
  8 scorpions
  4 wights
  4 howler monkeys
  6 crimson imps
  2 quasits
  2 hounds
  4 orc priests
  2 centaur skeletons
  5 orc wizards
  2 iguanas
  Ijyb (D:3)
  Terence (D:2)
  Natasha (thrice) (D:2)
  4 worker ants
  A hound zombie (D:7)
  2 hound skeletons (D:3)
  A worker ant zombie (D:5)
  A howler monkey skeleton (D:3)
  7 adders
  A shadow imp (D:4)
  2 oozes
  2 adder skeletons
  A worm (D:3)
  3 leopard geckos
  26 orcs
  5 giant cockroaches
  7 goblins (D:1)
  2 hobgoblins (D:1)
  5 quokkas
  A ball python (D:3)
  11 bats
  2 frilled lizards
  5 kobolds
  A leopard gecko skeleton (D:3)
  A quokka skeleton (D:3)
  5 rats
156 creatures vanquished.

Vanquished Creatures (others)
  3 fungi
  4 toadstools (D:6)
7 creatures vanquished.

Grand Total: 163 creatures vanquished

Notes
Turn   | Place    | Note
-------+----------+-------------------------------------------
     0 | D:1      | mopl the Minotaur Transmuter began the quest for the Orb.
     0 | D:1      | Reached XP level 1. HP: 16/16 MP: 1/1
   150 | D:1      | Reached XP level 2. HP: 22/23 MP: 3/3
   157 | D:1      | Learned a level 2 spell: Sticks to Snakes
   296 | D:1      | Reached skill level 2 in Transmutations
   652 | D:2      | Reached XP level 3. HP: 27/28 MP: 4/4
   849 | D:2      | Found a faded altar of an unknown god.
   932 | D:2      | Noticed Natasha
   938 | D:2      | Killed Natasha
   938 | D:2      | Reached skill level 4 in Unarmed Combat
   938 | D:2      | Reached skill level 2 in Spellcasting
   952 | D:2      | Learned a level 3 spell: Spider Form
  1046 | D:2      | Noticed Natasha
  1057 | D:2      | Killed Natasha
  1057 | D:2      | Reached XP level 4. HP: 11/35 MP: 6/6
  1370 | D:2      | Noticed Natasha
  1376 | D:2      | Killed Natasha
  1484 | D:2      | Noticed Terence
  1495 | D:2      | Killed Terence
  1495 | D:2      | Reached skill level 1 in Poison Magic
  1495 | D:2      | Reached XP level 5. HP: 36/40 MP: 3/7
  1700 | D:3      | Noticed Ijyb
  1739 | D:3      | Killed Ijyb
  2030 | D:3      | Reached skill level 5 in Unarmed Combat
  2030 | D:3      | Reached skill level 3 in Transmutations
  2357 | D:3      | Reached XP level 6. HP: 47/47 MP: 8/8
  2374 | D:3      | Reached skill level 3 in Dodging
  2981 | D:4      | Found a glowing golden altar of the Shining One.
  3014 | D:4      | Reached skill level 6 in Unarmed Combat
  3190 | D:4      | Reached XP level 7. HP: 52/52 MP: 5/9
  3235 | D:4      | Reached skill level 4 in Dodging
  3442 | D:4      | Reached skill level 7 in Unarmed Combat
  3442 | D:4      | Reached skill level 4 in Transmutations
  3916 | D:5      | Entered Level 5 of the Dungeon
  4234 | D:5      | Learned a level 4 spell: Ice Form
  4384 | D:5      | Reached XP level 8. HP: 59/59 MP: 10/10
  4569 | D:5      | Noticed Dowan
  4569 | D:5      | Noticed Duvessa
  4578 | D:5      | Killed Duvessa
  4585 | D:5      | Killed Dowan
  4585 | D:5      | Reached skill level 5 in Dodging
  4585 | D:5      | Reached skill level 1 in Ice Magic
  4838 | D:6      | Reached skill level 8 in Unarmed Combat
  5234 | D:6      | Found a glowing silver altar of Zin.
  5234 | D:6      | Found a sacrificial altar of Ru.
  5235 | D:6      | Found a radiant altar of Vehumet.
  5291 | D:6      | Found a shattered altar of Ashenzari.
  5361 | D:6      | Got a transparent plate armour
  5884 | D:7      | Reached skill level 2 in Ice Magic
  6001 | D:7      | Reached skill level 9 in Unarmed Combat
  6001 | D:7      | Reached skill level 5 in Transmutations
  6180 | D:7      | Reached XP level 9. HP: 53/64 MP: 6/11
  6265 | D:7      | Reached skill level 6 in Dodging
  6743 | D:7      | Reached skill level 10 in Unarmed Combat
  6913 | D:7      | Found a staircase to the Ecumenical Temple.
  6922 | Temple   | Entered the Ecumenical Temple
  7083 | Temple   | Became a worshipper of Cheibriados the Contemplative
  7519 | D:8      | Found a staircase to the Lair.
  7538 | D:8      | Reached skill level 1 in Invocations
  7600 | D:8      | Reached skill level 7 in Dodging
  7663 | D:8      | You fall through a shaft for 3 floors!
  7673 | D:11     | Annihilated by a shadow

Skill      XL: |  1  2  3  4  5  6  7  8  9 |
---------------+----------------------------+-----
Transmutations | 2 3 4 5 |  5.9
Unarmed Combat | 4 5 6 7 9 10 | 10.5
Spellcasting   | 2 |  2.0
Poison Magic   | 1 |  1.0
Dodging        | 3 4 5 7 |  7.1
Ice Magic      | 2 |  2.0
Invocations    | 1 |  1.6
Fighting       | |  1.2

Action                   |  1- 3 |  4- 6 |  7- 9 || total
-------------------------+-------+-------+-------++-------
Melee: Unarmed           |    69 |   127 |   378 ||   574
       Headbutt          |     6 |    12 |    36 ||    54
       Kick              |     4 |       |       ||     4
       Punch             |       |     2 |    11 ||    13
Throw: Stone             |       |       |     4 ||     4
 Cast: Beastly Appendage |     5 |       |       ||     5
       Spider Form       |       |     7 |    16 ||    23
       Ice Form          |       |       |     3 ||     3
 Abil: End Transformatio |       |       |     3 ||     3
 Stab: Held in net/web   |       |       |     1 ||     1
       Distracted        |       |       |     1 ||     1
  Eat: Chunk             |       |     9 |    17 ||    26
Armor: Robe              |    10 |    23 |    44 ||    77
       Skin              |       |       |     6 ||     6
Dodge: Dodged            |    59 |    77 |   254 ||   390
